 Dungeon Crawl Stone Soup version 0.28.0-53-g5a82cb258f (webtiles) character file.

Game seed: 17134113711540460151

50 Descartes the Grasshopper (level 3, -1/35 HPs)
             Began as a Troll Warper on June 8, 2022.
             Was an Initiate of Ru.
             Slain by Natasha (7 damage)
             ... on level 2 of the Dungeon.
             The game lasted 00:02:15 (883 turns).

Descartes the Grasshopper (Troll Warper)             Turns: 883, Time: 00:02:15

Health: -1/35      AC:  4    Str: 19    XL:     3   Next: 55%
Magic:  3/3        EV: 10    Int:  9    God:    Ru [......]
Gold:   81         SH:  0    Dex: 11    Spells: 4/4 levels left

rFire   . . .      SeeInvis .   a - +0 mace
rCold   . . .      Faith    .   (no shield)
rNeg    . . .      Spirit   .   b - +0 robe
rPois   .          Reflect  .   (helmet restricted)
rElec   .          Harm     .   (no cloak)
rCorr   +          Rampage  .   (gloves unavailable)
Will    .....                   (boots unavailable)
Stlth   +.........              (no amulet)
HPRegen 0.91/turn               n - ring of resist corrosion
MPRegen 0.08/turn               (no ring)

@: no status effects
A: large, unfitting armour, claws 3, regeneration 1, screaming 1, shaggy fur 1,
tough skin 1
a: Renounce Religion


You were on level 2 of the Dungeon.
You worshipped Ru.
Ru was noncommittal.
You visited 1 branch of the dungeon, and saw 2 of its levels.

You collected 81 gold pieces.

Inventory:

Hand Weapons
 a - a +0 mace (weapon)
Missiles
 d - 5 boomerangs of dispersal (quivered)
Armour
 b - a +0 robe (worn)
Jewellery
 n - a ring of resist corrosion (left claw)
Scrolls
 c - a scroll of blinking
 f - a scroll of immolation {unknown}
 g - a scroll of teleportation {unknown}
 k - a scroll of vulnerability {unknown}
 l - a scroll of enchant weapon {unknown}
Potions
 e - a potion of magic {unknown}
 h - 2 potions of resistance {unknown}
 i - a potion of degeneration {unknown}
 j - a potion of curing {unknown}


   Skills:
 + Level 2.3 Fighting
 + Level 2.5 Maces & Flails
 - Level 0.8 Throwing
 - Level 1.9 Dodging
 - Level 1.2 Spellcasting
 + Level 2.6 Translocations


You had 4 spell levels left.
You didn't know any spells.
Your spell library contained the following spells:

 Spells                   Type           Power      Damage    Failure   Level
 Blink                    Tloc           10%        N/A       19%         2
 Gell's Gravitas          Tloc           5%         N/A       36%         3
 Lesser Beckoning         Tloc           5%         N/A       36%         3
 Teleport Other           Tloc           5%         N/A       36%         3
 Manifold Assault         Tloc           5%         N/A       98%         5


Dungeon Overview and Level Annotations

Branches:
Dungeon (2/15)

Altars:
Ru

Annotations:
D:2 Natasha


Innate Abilities, Weirdness & Mutations

You are too large for most types of armour.
You have claws for hands.
Your natural rate of healing is unusually fast.
You occasionally shout uncontrollably at your foes.
You are covered in fur. (AC +1)
You have tough skin. (AC +1)


Message History

* * * LOW HITPOINT WARNING * * *
An endoplasm comes into view.
You completely miss Natasha. Natasha claws you but does no damage.
Natasha closely misses you.
You barely miss Natasha. Natasha claws you. x2
The endoplasm barely misses you.
You closely miss Natasha. Natasha barely misses you.
The endoplasm hits you but does no damage.
Natasha casts a spell.
You closely miss Natasha.
You feel yourself speed up. The endoplasm barely misses you.
Natasha casts a spell at you. You resist with significant effort.
The crimson imp hits you but does no damage.
The endoplasm freezes you.
You are frozen.
You closely miss Natasha. Natasha claws you but does no damage.
The crimson imp blinks!
The endoplasm barely misses you. Natasha claws you.
* * * LOW HITPOINT WARNING * * *
The endoplasm freezes you.
You are frozen.
* * * LOW HITPOINT WARNING * * *
You hit Natasha.
Natasha is lightly wounded.
Natasha claws you.
* * * LOW HITPOINT WARNING * * *
The endoplasm hits you.
* * * LOW HITPOINT WARNING * * *
Unknown command.
You closely miss Natasha.
Natasha is lightly wounded.
The crimson imp shouts, "Go and return not, thou dankish doghearted foot-licker!"
Natasha mumbles some strange words.
The endoplasm barely misses you.
You hit Natasha.
Natasha is moderately wounded.
The crimson imp hits you but does no damage.
Natasha claws you!
You die...

#. #..####......#
####......##### ..
#......# .≈≈ ..≈
##....###.≈≈
.P≈≈#......#h≈≈≈
P≈≈≈...†....≈≈≈≈
≈≈≈≈#.†..5.#≈≈≈≈
≈≈.###...h###.≈≈
≈≈≈ #.....@# ≈≈≈
≈≈≈......5J≈≈≈≈..
≈≈≈#......#≈≈≈≈..
≈≈.###....###.≈≈P.
≈≈≈ #...... ≈≈.##
≈≈ ≈........ .##
≈≈#......# .
≈###....## .#


You could see Natasha, a crimson imp (summoned), a white imp (summoned) and an
endoplasm.

Vanquished Creatures
  Natasha (D:2)
  2 bats
  6 endoplasms
  A giant cockroach (D:1)
  2 jackals (D:2)
  3 quokkas (D:1)
  2 ball pythons (D:1)
  2 frilled lizards (D:1)
  2 goblins (D:1)
  2 rats (D:1)
23 creatures vanquished.

Vanquished Creatures (others)
  4 plants (D:2)
4 creatures vanquished.

Grand Total: 27 creatures vanquished

Notes
Turn   | Place    | Note
-------+----------+-------------------------------------------
     0 | D:1      | Descartes the Troll Warper began the quest for the Orb.
     0 | D:1      | Reached XP level 1. HP: 19/19 MP: 1/1
   423 | D:1      | Found a faded altar of an unknown god.
   425 | D:1      | Reached XP level 2. HP: 28/28 MP: 2/2
   434 | D:1      | Prayed at the altar of an unknown god.
   434 | D:1      | Became a worshipper of Ru the Awakened
   438 | D:1      | Gained mutation: You occasionally shout uncontrollably at
                  | your foes. [Ru sacrifice]
   856 | D:2      | Noticed Natasha
   866 | D:2      | Killed Natasha
   867 | D:2      | Reached XP level 3. HP: 17/35 MP: 3/3
   868 | D:2      | Noticed Natasha
   883 | D:2      | Slain by Natasha

Illustrated notes

Levels and vault maps discovered:
D:1:      sevenhm_arrival_forest_fort_large_2, layout_basic,
          shapermc_ecumenical_altar_notcrosses, minmay_cupped
D:2:      wad_lake_hut, layout_loops_cross, uniq_natasha, uniq_jessica

Skill      XL: |  1  2 |
---------------+-------+-----
Maces & Flails | 2 |  2.5
Fighting       | 2 |  2.3
Throwing       | |  0.8
Dodging        | |  1.9
Spellcasting   | |  1.2
Translocations | |  2.6

Action                   || total
-------------------------++-------
Melee: Mace              ||    72
       Punch             ||     1
Invok: Sacrifice Purity  ||     1
Armor: Robe              ||    27
Dodge: Dodged            ||    47
